 Dungeon Crawl Stone Soup version 0.29-a0-323-g050149af67 (webtiles) character file.

Game seed: 13665856292407293822

404 SkeletonJelly the Covert (level 6, -6/36 HPs)
             Began as a Vampire Delver on Apr 12, 2022.
             Mangled by an iguana (11 damage)
             ... on level 3 of the Dungeon.
             The game lasted 00:03:46 (2162 turns).

SkeletonJelly the Covert (Vampire Delver)           Turns: 2162, Time: 00:03:47

Health: -6/36      AC:  2    Str: 11    XL:     6   Next: 56%
Magic:  6/6        EV: 12    Int: 12    God:
Gold:   58         SH:  0    Dex: 18    Spells: 5/5 levels left

rFire   . . .      SeeInvis +   l - +1 short sword (venom)
rCold   + + .      Faith    .   (no shield)
rNeg    + + +      Spirit   .   k - +0 robe
rPois   ∞          Reflect  .   (no helmet)
rElec   .          Harm     .   (no cloak)
rCorr   .          Rampage  .   (no gloves)
Will    .....                   (no boots)
Stlth   ++++++....              (no amulet)
HPRegen 0.00/turn               (no ring)
MPRegen 0.10/turn               (no ring)

@: bloodless, inhibited regen
A: bloodless, fangs 3, see invisible, vampiric 2
a: Bat Form, Revivify


You were on level 3 of the Dungeon.
You visited 1 branch of the dungeon, and saw 4 of its levels.

You collected 58 gold pieces.

Inventory:

Hand Weapons
 a - a +0 short sword
 l - a +1 short sword of venom (weapon)
Missiles
 j - 3 poisoned darts (quivered)
Armour
 b - a +0 leather armour
 k - a +0 robe (worn)
Jewellery
 o - a ring of flight
Wands
 g - a wand of digging (3)
Scrolls
 c - a scroll of fog
 d - a scroll of magic mapping
 e - a scroll of fear
 n - a scroll of immolation {unknown}
 p - 3 scrolls of identify {unknown}
 q - 2 scrolls of teleportation {unknown}
Potions
 f - a potion of haste
 h - 4 potions of curing {unknown}
 i - a potion of invisibility {unknown}
 m - a potion of flight {unknown}
 r - a potion of degeneration {unknown}
 s - 2 potions of attraction {unknown}
 t - a potion of cancellation {unknown}
 u - 2 potions of might {unknown}
 v - a potion of lignification {unknown}
 w - a potion of magic {unknown}


   Skills:
 - Level 2.6 Fighting
 * Level 6.5 Short Blades
 - Level 2.1 Dodging
 + Level 9.5 Stealth


You had 5 spell levels left.
You didn't know any spells.
Your spell library contained the following spells:

 Spells                   Type           Power      Damage    Failure   Level
 Animate Skeleton         Necr           0%         N/A       32%         1
 Pain                     Necr           0%         1d4       32%         1
 Vampiric Draining        Necr           0%         2d6       69%         3


Dungeon Overview and Level Annotations

Branches:
Dungeon (5/15)
 Temple: D:4-7

Altars:


Innate Abilities, Weirdness & Mutations

You do not regenerate when monsters are visible.
You are frail without blood (-20% HP).
You can heal yourself when you bite living creatures.
You are immune to poison.
You have razor-sharp teeth.
You have supernaturally acute eyesight. (SInv)
You are afflicted with vampirism and can become a bat while bloodless.


Message History

You see here a +0 robe.
An orc comes into view. It is wielding a +0 flail.
An orc is nearby!
An orc is nearby!
An orc is nearby!
An orc is nearby!
Found a stone staircase leading up.
An orc priest comes into view. It is wielding a +0 short sword.
A kobold comes into view. It is wielding a +0 dagger.
An orc comes into view. It is wielding a +0 falchion.
An orc comes into view. It is wielding a +0 flail.
An orc wizard comes into view.
It is wielding a +0 dagger and wearing a +1 robe of willpower.
The orc shouts!
The orc priest shouts!
You puncture the orc!
You kill the orc!
You hear a shout!
You closely miss the orc. Your bite misses the orc.
You hit the orc but do no damage.
The orc is poisoned.
The kobold hits you with a +0 dagger.
You take 3 damage, and have 33/36 hp.
You hit the orc but do no damage. Your bite misses the orc.
The orc is lightly wounded.
The orc hits you with a +0 falchion. The kobold hits you with a +0 dagger.
The orc priest closely misses you.
You take 7 damage, and have 26/36 hp.
You hit the orc. You punch the orc, but do no damage.
The orc is severely wounded.
You kill the orc!
The orc priest invokes the aid of Beogh against you.
Beogh smites you! The kobold misses you.
You take 9 damage, and have 17/36 hp.
MASSIVE DAMAGE!!
You are too injured to fight recklessly!
You are too injured to fight recklessly!
You are too injured to fight recklessly!
You are too injured to fight recklessly!
You are too injured to fight recklessly!
You are too injured to fight recklessly!
Really walk into that teleport trap?
You enter a teleport trap!
The teleport trap disappears.
Your surroundings seem slightly different.
There are monsters nearby!
The orc priest miscasts a cantrip.
You see here a +0 robe.
There is a stone staircase leading up here.
You climb upwards.
There is a stone staircase leading down here.
HP restored.
Done exploring.
Health restored: 36
There is a stone staircase leading down here.
You climb downwards.
Found a dire flail.
There is a stone staircase leading up here.
You can't go down here!
There are monsters nearby!
A gnoll comes into view. It is wielding a +0 club.
The iguana hisses angrily.
The gnoll sergeant shouts!
The gnoll shouts! x2
You hear a shout!
The gnoll hits you from afar with a +0 spear.
A gnoll comes into view. It is wielding a +0 spear.
The gnoll shouts!
You take 2 damage, and have 34/36 hp.
The iguana attacks as you move away! The iguana closely misses you.
The iguana attacks as you move away! The iguana completely misses you.
There is a stone staircase leading up here.
The iguana bites you!
The gnoll hits you from afar with a +0 spear.
You climb upwards.
There is a stone staircase leading down here.
You take 15 damage, and have 19/36 hp.
MASSIVE DAMAGE!!
You barely miss the iguana. The iguana closely misses you.
You closely miss the iguana. You bite the iguana, but do no damage.
The iguana closely misses you.
You hit the iguana.
The iguana is poisoned.
Your bite misses the iguana.
The iguana is lightly wounded.
You hit the iguana but do no damage.
The iguana is lightly wounded.
The iguana bites you!
* * * LOW HITPOINT WARNING * * *
You take 14 damage, and have 5/36 hp.
MASSIVE DAMAGE!!
You are too injured to fight recklessly!
You closely miss the iguana.
The iguana is lightly wounded.
The iguana misses you.
You hit the iguana.
The iguana is moderately wounded.
The iguana closely misses you.
You hit the iguana.
The iguana looks as sick as possible!
The iguana is moderately wounded.
The iguana closely misses you.
You hit the iguana but do no damage.
The iguana looks as sick as possible!
The iguana is heavily wounded.
You hit the iguana but do no damage.
The iguana looks as sick as possible!
You bite the iguana, but do no damage.
The iguana is heavily wounded.
The iguana barely misses you.
You completely miss the iguana.
The iguana is heavily wounded.
The iguana bites you!
You die...

.# #........##.....).....#......
.## ####.###.##..................
..# #......##.........##.......
#.# ##...#####......)...........
#.# ##..#..####..................
#.# #..###.......................
#.###.## #.......................
#.##..# #.......................
#.#..## #......@l...............
#.#.######.......................
#............................)†..
...##############................
.### #######...).##... ##
###########


You could see an iguana (extremely poisoned).

Vanquished Creatures
  Sigmund (D:2)
  An ogre (D:4)
  An orc priest (D:2)
  2 orc wizards
  3 adders
  A worm (D:2)
  A dart slug (D:3)
  6 orcs
  2 bats (D:2)
  4 endoplasms
  A giant cockroach (D:3)
  2 goblins (D:3)
  4 jackals (D:3)
  2 quokkas
  2 ball pythons
  4 frilled lizards (D:2)
  5 kobolds
  7 rats
49 creatures vanquished.

Notes
Turn   | Place    | Note
-------+----------+-------------------------------------------
     0 | D:5      | SkeletonJelly the Vampire Delver began the quest for the
                  | Orb.
     0 | D:5      | Reached XP level 1. HP: 17/17 MP: 1/1
    40 | D:5      | Noticed an orc wizard
    43 | D:5      | Noticed an orc wizard
    79 | D:4      | Killed an orc wizard
    80 | D:4      | Reached XP level 2. HP: 3/18 MP: 2/2
    80 | D:4      | Gained mutation: You are afflicted with vampirism and can
                  | become a bat while bloodless. [Vampire growth]
    80 | D:4      | Reached XP level 3. HP: 4/22 MP: 3/3
   125 | D:4      | Noticed a phantom
   139 | D:4      | Noticed an ogre
   471 | D:2      | Noticed Sigmund
   478 | D:2      | Killed Sigmund
   479 | D:2      | Reached skill level 5 in Short Blades
   479 | D:2      | Reached skill level 8 in Stealth
   479 | D:2      | Reached XP level 4. HP: 27/27 MP: 4/4
   479 | D:2      | Reached XP level 5. HP: 31/31 MP: 5/5
  1024 | D:2      | Reached skill level 9 in Stealth
  1034 | D:2      | Reached XP level 6. HP: 25/36 MP: 6/6
  2162 | D:3      | Mangled by an iguana

Illustrated notes

Levels and vault maps discovered:
D:2:      layout_loops_ring, minmay_misc_feat_encased, minmay_misc_feat_roman,
          uniq_sigmund
D:3:      layout_rooms
D:4:      layout_loops_ring, nicolae_gozag_seed_capital, uniq_menkaure
D:5:      lemuel_ratsnest, layout_loops_cross, minmay_temple_entry_tees

Skill      XL: |  1  2  3  4  5 |
---------------+----------------+-----
Short Blades   | 3 5 6 |  6.5
Stealth        | 8 9 |  9.5
Fighting       | |  2.6
Dodging        | |  2.1

Action                   |  1- 3 |  4- 6 || total
-------------------------+-------+-------++-------
Melee: Short sword       |    23 |   105 ||   128
       Bite              |     2 |     8 ||    10
       Punch             |       |     2 ||     2
 Abil: Exsanguinate      |     1 |       ||     1
 Stab: Sleeping          |     5 |    18 ||    23
Armor: Leather armour    |     1 |       ||     1
       Robe              |       |     9 ||     9
Dodge: Dodged            |    14 |    46 ||    60

Table legend: (Time is in decaauts)
 A = Elapsed time spent in this place.
 B = Non-inter-level travel time spent in this place.
 C = Inter-level travel time spent in this place.
 D = Time resting spent in this place.
 E = Time spent auto-exploring this place.
 F = Levels seen in this place.
 G = Mean time per level.
                   A        B        C        D        E       F      G
               +--------+--------+--------+--------+--------+-----+--------+
         Total |   2142 |   2065 |     77 |      0 |   1619 |   4 |  535.5 |
       Dungeon |   2142 |   2065 |     77 |      0 |   1619 |   4 |  535.5 |
               +--------+--------+--------+--------+--------+-----+--------+

Top non-repeatable levels by time:
     D:2: 887 daAuts
     D:3: 854 daAuts
     D:4: 347 daAuts
     D:5: 53 daAuts
